 Dungeon Crawl Stone Soup version 0.29.0-4-gdea44cf6ec (webtiles) character file.

Game seed: 4831415389949841285

75 qw the Chopper (level 4, -4/26 HPs)
             Began as a Tengu Warper on Aug 28, 2022.
             Was an Initiate of Okawaru.
             Killed from afar by an orc wizard (8 damage)
             ... with a puff of flame
             ... on level 4 of the Dungeon.
             The game lasted 00:00:15 (2486 turns).

qw the Chopper (Tengu Warper)                       Turns: 2486, Time: 00:00:16

Health: -4/26      AC: 10    Str: 10 (13) XL:     4   Next: 31%
Magic:  8/8        EV: -2    Int: 12 (13) God:    Okawaru [......]
Gold:   198        SH:  3    Dex: 12 (14) Spells: 7/7 levels left

rFire   . . .      SeeInvis .   g - +0 broad axe
rCold   . . .      Faith    .   h - +0 buckler
rNeg    . . .      Spirit   .   l - +0 plate armour
rPois   .          Reflect  .   (helmet restricted)
rElec   .          Harm     .   (no cloak)
rCorr   +          Rampage  .   (no gloves)
Will    .....                   (boots unavailable)
Stlth   ..........              (no amulet)
HPRegen 0.08/turn               k - ring of resist corrosion
MPRegen 0.11/turn               (no ring)

@: grasped by roots, constricted
A: beak, talons 3
a: Renounce Religion


You were on level 4 of the Dungeon.
You worshipped Okawaru.
Okawaru was noncommittal.
You visited 2 branches of the dungeon, and saw 5 of its levels.

You collected 198 gold pieces.


Innate Abilities, Weirdness & Mutations

You have a beak for a mouth.
You have claws for feet.


   Skills:
 - Level 2.0 Fighting
 + Level 4.2 Axes
 - Level 1.0 Throwing
 - Level 2.1 Armour
 - Level 2.1 Dodging
 - Level 1.0 Shields
 - Level 2.0 Spellcasting
 - Level 2.4 Translocations


You had 7 spell levels left.
You didn't know any spells.
Your spell library contained the following spells:

 Spells                   Type           Power      Damage    Failure   Level
 Blink                    Tloc           12%        N/A       100%        2
 Gell's Gravitas          Tloc           6%         N/A       100%        3
 Lesser Beckoning         Tloc           6%         N/A       100%        3
 Teleport Other           Tloc           6%         N/A       100%        3
 Manifold Assault         Tloc           6%         N/A       100%        5

Inventory:

Hand Weapons
 d - a +0 whip
 g - a +0 broad axe (weapon)
Missiles
 f - 6 boomerangs (quivered)
Armour
 h - a +0 buckler (worn)
 l - a +0 plate armour (worn)
Jewellery
 c - a ring of protection from fire
 k - a ring of resist corrosion (left hand)
Scrolls
 a - 4 scrolls of identify
Potions
 e - a potion of magic
 j - a potion of heal wounds

Dungeon Overview and Level Annotations

Branches:
Dungeon (4/15)             Temple (1/1) D:4

Altars:
Cheibriados
Dithmenos
Elyvilon
Fedhas
Gozag
Hepliaklqana
Kikubaaqudgha
Makhleb
Okawaru
Qazlal
Ru
Sif Muna
Yredelemnul
Zin

Annotations:
D:4 Ijyb


Message History

The orc hits you but does no damage. Something hits you but does no damage.
2483 ||| DRINKING potion of curing.
You feel better.
2483 ||| (to cure confusion)
The orc hits you but does no damage. Ijyb hits you but does no damage.
The grasping roots constrict you. Something completely misses you.
The orc wizard points at you and mumbles some strange words.
The magic dart hits you but does no damage.
The grasping roots release their grip on you.
You barely miss the orc wizard.
The orc wizard is almost dead.
You miss something. You slash Ijyb! You barely miss the orc.
The orc hits you with a +0 dagger. The orc wizard casts a spell at you.
You resist with some effort. Something hits you but does no damage.
Ijyb hits you with a +0 dagger.
You hit the orc wizard but do no damage.
Your kick misses the orc wizard.
The orc wizard is almost dead.
You closely miss Ijyb. You closely miss the orc. You barely miss something.
Ijyb hits you with a +0 dagger.
The kobold throws a stone.
The stone hits you but does no damage. The orc hits you with a +0 dagger.
The orc wizard hits you with a +0 dagger.
You block something's attack.
You closely miss the orc wizard. You claw the orc wizard.
You kill the orc wizard!
Okawaru accepts your kill.
You hit something. You hit Ijyb but do no damage. You closely miss the orc.
You hit the adder but do no damage. The adder bites you.
Something hits you but does no damage. The orc hits you but does no damage.
Ijyb hits you with a +0 dagger. You block the adder's attack.
Ijyb zaps a wand.
The roots erupt in riotous growth!
The grasping roots grab you!
The kobold is unaffected.
The adder is unaffected.
The orc is unaffected.
Ijyb is unaffected.
The grasping roots constrict you. The orc hits you but does no damage.
The kobold hits you with a +0 dagger.
You hear some strange, mumbled words.
A puff of flame appears from out of thin air!
The puff of flame hits you!
You die...

...## ...##.> .. #....
............ #...#
............##...#######
................).......
..........................
.......... ...............
.......... #.K{g..# ....
.......... #.S@o..##....
...########+##............
...##.......##............
....%...............##...
.....................# #
............##......)#
...##.......##......##
....#.......##.......#
_.#.........+........#


You could see Ijyb, an adder, an orc and a kobold.

Vanquished Creatures
  An orc wizard (D:4)
  An adder (D:3)
  5 worms
  A dart slug (D:2)
  An orc (D:4)
  5 bats (D:1)
  9 endoplasms
  2 giant cockroaches
  4 hobgoblins
  2 quokkas
  3 ball pythons
  3 frilled lizards
  6 kobolds
  6 rats
49 creatures vanquished.

Notes
Turn   | Place    | Note
-------+----------+-------------------------------------------
     0 | D:1      | qw the Tengu Warper began the quest for the Orb.
     0 | D:1      | Reached XP level 1. HP: 12/12 MP: 4/4
     0 | D:1      | 0 ||| qw: Version: 0.1-a-89-g26bdef1
     0 | D:1      | 0 ||| qw: Game counter: 2787
     0 | D:1      | 0 ||| qw: Always use a shield: true
     0 | D:1      | 0 ||| qw: God list: Okawaru
     0 | D:1      | 0 ||| qw: Allow faded altars: false
     0 | D:1      | 0 ||| qw: Do Orc after D:15 true
     0 | D:1      | 0 ||| qw: Do second Lair branch before Depths: true
     0 | D:1      | 0 ||| qw: Lair rune preference: random
     0 | D:1      | 0 ||| qw: Plans: Normal
     0 | D:1      | 0 ||| PLANNING D:1-11
   229 | D:1      | Reached XP level 2. HP: 17/17 MP: 6/6
   284 | D:1      | Reached skill level 3 in Axes
   304 | D:1      | Found a faded altar of an unknown god.
   732 | D:1      | 732 ||| UPGRADING to +2 leather armour of poison
                  | resistance.
   742 | D:1      | 742 ||| DROPPING +0 leather armour.
   743 | D:1      | 743 ||| UPGRADING to +0 plate armour.
   753 | D:1      | 753 ||| DROPPING +2 leather armour of poison resistance.
   754 | D:1      | 754 ||| UPGRADING to ring of resist corrosion.
   755 | D:1      | 755 ||| READING scroll labelled WAECZE QEZIAKH.
   756 | D:1      | 756 ||| READING scroll labelled BUDEJA OWYS.
   760 | D:1      | 760 ||| DRINKING 2 brown potions.
   761 | D:1      | 761 ||| DROPPING scroll of blinking.
   799 | D:2      | 799 ||| Stepping ~*~*~tactically~*~*~ (hiding).
   808 | D:2      | Reached XP level 3. HP: 21/21 MP: 7/7
  1037 | D:2      | Reached skill level 4 in Axes
  1504 | D:2      | 1504 ||| UPGRADING to +0 buckler.
  1509 | D:2      | 1509 ||| READING scroll labelled HUJUPNEUQO.
  1510 | D:2      | 1510 ||| READING scroll labelled HOMOGROCKE.
  1511 | D:2      | 1511 ||| READING scroll labelled LELUUBO MAAJU.
  1631 | D:2      | 1631 ||| DRINKING 2 fizzy white potions.
  1647 | D:3      | 1647 ||| STAIRDANCE
  1709 | D:3      | Reached skill level 1 in Shields
  1788 | D:3      | Reached XP level 4. HP: 26/26 MP: 8/8
  1796 | D:3      | Found a glowing silver altar of Zin.
  1944 | D:3      | Found an opulent altar of Gozag.
  2118 | D:3      | 2118 ||| DROPPING amulet of faith.
  2119 | D:3      | 2119 ||| DRINKING 3 green potions.
  2120 | D:3      | 2120 ||| READING 3 scrolls of identify.
  2120 | D:3      | 2120 ||| IDENTIFYING fuming brown potion
  2121 | D:3      | 2121 ||| READING 2 scrolls of identify.
  2121 | D:3      | 2121 ||| IDENTIFYING coppery potion
  2122 | D:3      | 2122 ||| DROPPING 2 potions of degeneration.
  2123 | D:3      | 2123 ||| DROPPING potion of attraction.
  2124 | D:3      | 2124 ||| DROPPING potion of magic.
  2142 | D:4      | Found a staircase to the Ecumenical Temple.
  2143 | D:4      | 2143 ||| PLANNING TEMPLE
  2157 | Temple   | Entered the Ecumenical Temple
  2180 | Temple   | Became a worshipper of Warmaster Okawaru
  2295 | Temple   | 2295 ||| PLANNING D:1-11
  2421 | D:4      | Found a hazy altar of Hepliaklqana.
  2467 | D:4      | 2467 ||| SWAPPING to +0 broad axe.
  2470 | D:4      | 2470 ||| DROPPING +0 hand axe.
  2474 | D:4      | Noticed Ijyb
  2480 | D:4      | 2480 ||| DRINKING 2 potions of curing.
  2480 | D:4      | 2480 ||| (to cure confusion)
  2483 | D:4      | 2483 ||| DRINKING potion of curing.
  2483 | D:4      | 2483 ||| (to cure confusion)
  2486 | D:4      | HP: 6/26 [adder (3)]
  2486 | D:4      | Killed from afar by an orc wizard

Levels and vault maps discovered:
D:1:      minmay_arrival_loop, layout_loops_ring,
          dilly_ecumenical_altar_fadedgnrine, grunt_decor_fettered
D:2:      layout_basic
D:3:      layout_rooms, nicolae_gozag_seed_capital, zin_academy,
          minmay_box_of_dots
D:4:      layout_gridville, mainiacjoe_overflow_tiny_flanked,
          minmay_temple_entry_arrows, grunt_decor_one_mirror, uniq_ijyb
Temple:   chequers_temple_sunken

Skill      XL: |  1  2  3  4 |
---------------+-------------+-----
Axes           | 3 4 |  4.2
Shields        | 1 |  1.0
Armour         | 2 |  2.1
Fighting       | |  2.0
Throwing       | |  1.0
Dodging        | |  2.1
Spellcasting   | |  2.0
Translocations | |  2.4

Action                   |  1- 3 |  4- 6 || total
-------------------------+-------+-------++-------
Melee: Hand axe          |    51 |    20 ||    71
       Peck              |     5 |     3 ||     8
       Kick              |     7 |     7 ||    14
       Broad axe         |       |     9 ||     9
Throw: Boomerang         |    63 |    20 ||    83
  Use: Scroll            |     5 |     2 ||     7
       Potion            |     2 |     3 ||     5
Armor: Leather armour    |    13 |       ||    13
       Plate armour      |    12 |    28 ||    40
Dodge: Dodged            |    19 |     2 ||    21
Block: Buckler           |     1 |     8 ||     9

Table legend:
 A = Non-vault XP
 B = Vault XP
 C = Vault XP percentage of total XP
 D = Non-vault monster count
 E = Vault monster count
 F = Vault count percentage of total count
                 A         B        C        D         E       F
            +---------+---------+-------+---------+---------+-------
      Total |     143 |       1 |   0.7 |      48 |       1 |   2.0
            +---------+---------+-------+---------+---------+-------
        D:1 |      30 |       0 |   0.0 |      20 |       0 |   0.0
        D:2 |      32 |       0 |   0.0 |      12 |       0 |   0.0
        D:3 |      34 |       1 |   2.9 |      10 |       1 |   9.1
        D:4 |      47 |       0 |   0.0 |       6 |       0 |   0.0
            +---------+---------+-------+---------+---------+-------
